 Dungeon Crawl Stone Soup version 0.30-b1-2-g02819fbbbe (webtiles) character file.

Game seed: 15297565323506259733

85743 Mesmaeker13 the Warrior (level 15, -14/129 HPs)
             Began as a Barachi Hunter on July 30, 2023.
             Was a High Priest of Okawaru.
             Demolished by Donald
             ... wielding a +0 long sword
              (27 damage)
             ... on level 1 of the Shoals.
             The game lasted 01:09:42 (25368 turns).

Mesmaeker13 the Warrior (Barachi Hunter)           Turns: 25368, Time: 01:09:42

Health: -14/129    AC: 23    Str: 17    XL:     15   Next: 84%
Magic:  21/21      EV: 14    Int: 11    God:    Okawaru [*****.]
Gold:   1868       SH:  5    Dex: 23    Spells: 9/14 levels left

rFire   + + +        c - +2 great sword (protect)
rCold   + + .        (shield currently unavailable)
rNeg    . . .        C - +4 ring mail "Qaxtaaj" {rF+ rC+}
rPois   .            F - +2 helmet
rElec   +            m - +1 cloak of Seqes {Rampage rF+ Str+3}
rCorr   .            H - +1 pair of gloves
SInv    .            G - +1 pair of boots "Tisout Ugi" {rElec rF+ Dex+3}
Will    ++...        p - amulet of reflection
Stlth   +            D - ring of protection from cold
HPRegen 0.41/turn    t - ring of willpower
MPRegen 0.17/turn

%: reflection, rampage
@: studying Throwing, slow
A: amphibious, slowness 1, strong legs 2, +LOS
a: Hop, Renounce Religion, Heroism, Finesse, Duel


You were on level 1 of the Shoals.
You worshipped Okawaru.
Okawaru was extremely pleased with you.
You visited 4 branches of the dungeon, and saw 23 of its levels.
You also visited: Bailey.

You collected 3216 gold pieces.
You spent 1348 gold pieces at shops.

Inventory:

Hand Weapons
 a - a +4 great sword
 c - a +2 great sword of protection (weapon)
 e - a +1 arbalest of freezing
 K - a +3 scimitar of flaming
Missiles
 s - 4 silver javelins
 E - 4 curare-tipped darts
 L - 4 throwing nets
Armour
 m - the +1 cloak of Seqes (worn) {Rampage rF+ Str+3}
   (You found it on level 2 of the Dungeon)

   Str:       It affects your strength (+3).
   rF:        It protects you from fire.
   Rampage:   It bestows one free step when moving towards enemies.
 C - the +4 ring mail "Qaxtaaj" (worn) {rF+ rC+}
   (Okawaru gifted it to you on level 3 of the Lair of Beasts)

   rF:        It protects you from fire.
   rC:        It protects you from cold.
 F - a +2 helmet (worn)
 G - the +1 pair of boots "Tisout Ugi" (worn) {rElec rF+ Dex+3}
   (You found it on level 5 of the Lair of Beasts)

   Dex:       It affects your dexterity (+3).
   rF:        It protects you from fire.
   rElec:     It insulates you from electricity.
 H - a +1 pair of gloves (worn)
 U - the +4 ring mail "Noist" {Dex+6}
   (Okawaru gifted it to you on level 14 of the Dungeon)

   Dex:       It affects your dexterity (+6).
Jewellery
 k - a ring of protection from fire
 p - an amulet of reflection (around neck)
 t - a ring of willpower (right hand)
 B - an amulet of faith
 D - a ring of protection from cold (left hand)
 J - a +4 ring of protection
 M - an amulet of regeneration
 R - an amulet of the acrobat
Wands
 g - a wand of flame (31)
 z - a wand of quicksilver (16)
 N - a wand of digging (9)
Scrolls
 b - 2 scrolls of fog
 d - 3 scrolls of blinking
 l - 2 scrolls of immolation
 r - 6 scrolls of magic mapping
 w - 5 scrolls of enchant weapon
 x - 5 scrolls of enchant armour
 y - 8 scrolls of teleportation
 A - a scroll of poison
 I - a scroll of silence
Potions
 f - 5 potions of curing
 h - 3 potions of cancellation {unknown}
 i - 7 potions of attraction
 n - a potion of berserk rage
 o - 6 potions of might
 q - 4 potions of haste
 u - a potion of lignification
 v - a potion of invisibility
 S - a potion of resistance
 T - 2 potions of flight
 V - 2 potions of magic
Miscellaneous
 O - a phantom mirror


   Skills:
 + Level 15.0 Fighting
 + Level 13.2 Long Blades
 + Level 13.2 Ranged Weapons
 - Level 12.7 Armour
 - Level 5.1 Dodging
 - Level 0.8 Stealth
 + Level 5.0 Hexes
 + Level 5.1 Translocations
 - Level 7.0 Transmutations
 + Level 8.2 Invocations
 - Level 8.6 Evocations


You had 9 spell levels left.
You knew the following spells:

 Your Spells              Type           Power      Damage    Failure   Level
a - Wereblood             Tmut           15%        N/A       4%          2
b - Portal Projectile     Hex/Tloc       22%        N/A       22%         3

Your spell library contained the following spells:

 Spells                   Type           Power      Damage    Failure   Level
 Beastly Appendage        Tmut           30%        N/A       3%          1
 Spider Form              Tmut/Pois      7%         N/A       36%         3
 Magic Dart               Conj           0%         1d3       50%         1
 Dazzling Flash           Conj/Hex       10%        N/A       52%         3
 Ignite Poison            Fire/Tmut/Pois 5%         N/A       54%         3
 Passage of Golubria      Tloc           11%        N/A       56%         4
 Cigotuvi's Dreadful Rot  Necr/Pois/Air  0%         N/A       63%         2
 Blade Hands              Tmut           7%         N/A       65%         5
 Yara's Violent Unravell  Hex/Tmut       6%         3d5       78%         5
 Mephitic Cloud           Conj/Pois/Air  0%         N/A       86%         3
 Sticky Flame             Conj/Fire      0%         2d3       99%         4
 Silence                  Hex/Air        2%         N/A       99%         5
 Agony                    Necr           0%         N/A       100%        5
 Eringya's Noxious Bog    Tmut/Pois      3%         N/A       100%        6
 Ignition                 Fire           0%         3d3       100%        8
 Tukima's Dance           Hex            Unusable   N/A       N/A         3
 Call Imp                 Summ           Unusable   N/A       N/A         2

Dungeon Overview and Level Annotations

Branches:
Dungeon (15/15)              Lair (5/5) D:8          Shoals (1/4) Lair:3
 Spider (0/4) Lair:2        Slime (0/5) Lair:4          Orc (2/2) D:11
    Elf (0/3) Orc:2        Vaults (0/5) D:13         Depths (0/4) D:15
 Bailey (visited)
 Temple: D:4-7

Altars:
Ashenzari
Cheibriados
Elyvilon
Fedhas
Gozag
Hepliaklqana
Makhleb
Nemelex Xobeh
Okawaru
Qazlal
Ru
Sif Muna
Trog
Uskayaw
Zin

Shops:
D:3 *   D:14 ?   D:15 :   Orc:2 [?(!

Portals:
Hell: Lair:5

Annotations:
D:2 Robin
Lair:5 1 runed translucent door, nuka's ghost, journeyman MiFi
Shoals:1 Donald


Innate Abilities, Weirdness & Mutations

You are amphibious.
You cover ground slowly.
You can hop long distances.
You have an extended range of vision and can be seen from far away.


Message History

Aim: Donald, wielding a +0 long sword, wearing a +0 chain mail and wearing a +0 kite shield of reflection (water, fast, strong, reflecting blocked projectiles, 84% to hit)
The bolt of dispelling energy hits Donald!
Donald is lightly wounded.
Donald's magical effects unravel!
Aiming: Quicksilver Bolt
Press: ? - help, Shift-Dir - straight line, f/p - Donald
Aim: Donald, wielding a +0 long sword, wearing a +0 chain mail and wearing a +0 kite shield of reflection (water, lightly wounded, reflecting blocked projectiles, 84% to hit)
The bolt of dispelling energy hits Donald!!
Donald is heavily wounded.
Donald casts a spell.
Donald seems to grow stronger.
Your +1 arbalest of freezing stops glowing.
Your +2 great sword of protection hums with potential!
c - a +2 great sword of protection (weapon)
Donald says, "Oh, hey!
I could use a new shield.
Have you got any spares?"
Donald casts a spell.
Donald seems to speed up.
You rampage towards Donald!
Donald blocks your attack.
Donald is heavily wounded.
Donald closely misses you.
You open Donald like a pillowcase!!!
Your weapon exudes an aura of protection.
Donald is almost dead.
Donald hits you with a +0 long sword! Donald hits you with a +0 long sword.
Donald blocks your attack.
Donald is almost dead.
Donald makes a rude gesture at you. Donald hits you with a +0 long sword.
Donald blocks your attack.
Donald is almost dead.
Donald hits you with a +0 long sword!! x2
Donald blocks your attack.
Donald is almost dead.
Donald hits you with a +0 long sword!!
* * * LOW HITPOINT WARNING * * *
Donald hits you with a +0 long sword!!
* * * LOW HITPOINT WARNING * * *
As you read the scroll of magic mapping, it crumbles to dust.
You feel aware of your surroundings. Donald hits you with a +0 long sword!!
You die...

~~~~~~~,...~~~~~~~~~~..##~~~~.~~~
~~~~~~~~~~~.~~~~~.~~~)...~~~~~~~~
~~~~~~~~~~P~~~~~~~PP~~....~~~~~~~
~~~~~~~~~~~PP~~~~~~~P~....~~~~~~~
~~~~~~~~~~~~~~~~~~PP~P<~.~~PPP~~≈
~~~~~~~~≈≈≈≈≈≈≈≈≈≈≈~P~~P~~~PPP~≈≈
~~~~~~~~≈≈≈≈≈≈≈≈≈≈≈≈~P~...~~PP~≈≈
~~~~~~~~≈≈≈≈≈≈≈≈@≈≈~PPP(..~~~~~≈≈
~~~~~~~~≈≈≈≈≈≈≈≈@≈≈PPPP~..~~~~~≈≈
~~~~~~~~≈≈≈≈≈≈≈≈≈≈≈≈PP~~÷~~†~~~≈≈
~~~~~~~~≈≈≈≈≈≈≈≈≈≈≈≈P~P~P~~~≈≈≈≈≈
~~~~~~~~≈≈≈≈≈≈≈≈≈≈≈≈~PP~~~P≈≈≈≈≈≈
~~~~~~~~≈≈≈≈≈≈≈≈≈≈≈≈≈PP~~P≈≈≈≈≈≈≈
~~~~~~~~≈≈≈≈≈≈≈≈≈≈≈≈≈≈PP~≈≈≈≈≈≈≈≈
~~~~~~~~≈≈≈≈≈≈≈≈≈≈≈≈≈≈≈≈≈≈≈≈≈≈≈≈≈
~~~~~~~~≈≈≈≈≈≈≈≈≈≈≈≈≈≈≈≈≈≈≈≈≈≈≈≈≈
~~~~~~~~≈≈≈≈≈≈≈≈≈≈≈≈≈≈≈≈≈≈≈≈≈≈≈≈≈


You could see Donald (fast, strong, reflecting).

Vanquished Creatures
  Rupert (Orc:2)
  A dire elephant (Lair:5)
  Azrael (D:14)
  8 hydras
  An ogre mage (D:13)
  8 centaur warriors
  7 boulder beetles
  A catoblepas (D:15)
  3 death yaks
  11 two-headed ogres
  Sonja (Lair:4)
  A skyshark (Lair:5)
  3 skeletal warriors
  A sixfirhy (Lair:5)
  A flayed ghost (D:15)
  A sea snake (Lair:3)
  Pikel (D:5)
  A sphinx zombie (D:15)
  A wizard (Lair:5)
  A harpy (Shoals:1)
  A deep elf zephyrmancer (Bailey)
  3 deep elf pyromancers
  A necromancer (D:15)
  7 orc knights
  A frost giant zombie (D:15)
  An oklob plant (Lair:2)
  2 orc sorcerers
  11 cyclopes
  3 ugly things
  A manticore (D:15)
  3 elephants
  3 black mambas
  A frost giant skeleton (D:15)
  4 centaur skeletons (D:13)
  10 cane toads
  3 orange demons (Lair:5)
  A smoke demon (Lair:5)
  2 gargoyles (D:12)
  3 tengu conjurers (D:14)
  3 efreet
  4 komodo dragons
  2 freezing wraiths (D:15)
  3 rime drakes (Lair:5)
  4 ice devils
  A komodo dragon (shapeshifter) (D:13)
  7 trolls
  A wind drake (Shoals:1)
  2 merfolk (Shoals:1)
  6 polar bears
  11 blink frogs
  A tyrant leech (shapeshifter) (D:14)
  Grinder (D:6)
  5 dream sheep (Lair:5)
  2 shadows
  A spriggan skeleton (D:15)
  7 slime creatures
  3 wyverns
  2 wraiths
  A yak (shapeshifter) (D:15)
  20 yaks
  3 basilisks
  2 steam dragons
  2 fire elementals (D:14)
  2 vampire mosquitoes (D:11)
  7 wargs (Orc:1)
  An acid dragon (D:7)
  6 hell hounds
  14 water moccasins
  45 orc warriors
  A sky beast (D:7)
  A black bear (Lair:1)
  7 ogres
  4 wolves
  25 centaurs
  3 lemures (D:5)
  5 kobold brigands (D:11)
  11 bullfrogs
  5 scorpions
  4 gnoll sergeants
  4 wights (D:7)
  7 howler monkeys
  8 electric eels
  23 jellies
  13 orc priests
  9 hounds
  2 gnoll boudas
  2 iguanas (D:5)
  2 sleepcaps
  Terence (D:2)
  16 orc wizards
  18 gnolls
  3 adders
  A shadow imp (D:8)
  2 worms
  78 orcs
  4 ball pythons
  19 endoplasms
  5 giant cockroaches
  10 hobgoblins
  8 jackals (D:2)
  3 quokkas
  4 bats
  9 goblins
  10 kobolds
  3 rats
614 creatures vanquished.

Vanquished Creatures (others)
  2 harpies (Shoals:1)
  3 orc warriors (Orc:2)
  2 centaurs (Orc:2)
  A kobold brigand (D:10)
  5 orcs (Orc:2)
  40 fungi
  74 plants
  5 withered plants (D:15)
132 creatures vanquished.

Grand Total: 746 creatures vanquished

Notes
Turn   | Place    | Note
-------+----------+-------------------------------------------
     0 | D:1      | Mesmaeker13 the Barachi Hunter began the quest for the Orb.
     0 | D:1      | Reached XP level 1. HP: 17/17 MP: 1/1
   270 | D:1      | Reached XP level 2. HP: 23/23 MP: 2/2
   440 | D:1      | Reached skill level 3 in Fighting
   867 | D:2      | Reached XP level 3. HP: 29/29 MP: 3/3
   879 | D:2      | Noticed Robin
  1070 | D:2      | Reached XP level 4. HP: 31/35 MP: 4/4
  1176 | D:2      | Identified the +1 cloak of Seqes {Rampage rF+ Str+3}
  1403 | D:2      | Noticed Terence
  1433 | D:2      | Killed Terence
  1434 | D:2      | Reached skill level 4 in Fighting
  1434 | D:2      | Reached XP level 5. HP: 36/42 MP: 5/5
  1690 | D:3      | Found a sparkling altar of Nemelex Xobeh.
  1892 | D:3      | Found Gozag's Platinum Reserve.
  1894 | D:3      | Found an opulent altar of Gozag.
  2297 | D:4      | Found a white marble altar of Elyvilon.
  2400 | D:4      | Reached skill level 5 in Ranged Weapons
  2601 | D:4      | Reached skill level 1 in Long Blades
  2812 | D:4      | Reached XP level 6. HP: 49/49 MP: 6/6
  2828 | D:4      | Found a shimmering blue altar of Sif Muna.
  2994 | D:5      | Entered Level 5 of the Dungeon
  3226 | D:5      | Reached skill level 5 in Fighting
  3242 | D:5      | Reached XP level 7. HP: 48/56 MP: 7/7
  3328 | D:5      | Found a broken altar of Ashenzari.
  3522 | D:5      | Reached skill level 5 in Dodging
  3599 | D:5      | Found a glowing silver altar of Zin.
  3693 | D:5      | Noticed Pikel
  3779 | D:5      | Killed Pikel
  3780 | D:5      | Reached skill level 6 in Fighting
  3780 | D:5      | Reached XP level 8. HP: 34/65 MP: 8/8
  4273 | D:6      | Found a stormy altar of Qazlal.
  4277 | D:6      | Found a snail-covered altar of Cheibriados.
  4443 | D:6      | Noticed Grinder
  4445 | D:6      | Paralysed by Grinder for 4 turns
  4454 | D:6      | Paralysed by Grinder for 3 turns
  4459 | D:6      | Killed Grinder
  4460 | D:6      | Reached skill level 7 in Fighting
  4583 | D:6      | You fall into a shaft and drop 1 floor!
  4792 | D:7      | Reached XP level 9. HP: 72/72 MP: 9/9
  4965 | D:7      | Reached skill level 5 in Armour
  5320 | D:7      | Reached skill level 8 in Fighting
  5431 | D:7      | Reached skill level 5 in Evocations
  5556 | D:7      | Noticed a hornet
  6176 | D:8      | Noticed a troll
  6179 | D:8      | Killed a troll
  6196 | D:8      | Reached XP level 10. HP: 75/82 MP: 10/10
  6349 | D:8      | Found a staircase to the Lair.
  6947 | D:8      | Reached skill level 9 in Fighting
  7310 | D:8      | Found a blossoming altar of Fedhas.
  7376 | D:8      | Found an iron altar of Okawaru.
  7429 | D:8      | Became a worshipper of Warmaster Okawaru
  7788 | D:9      | Reached skill level 5 in Long Blades
  8115 | D:9      | Found a bloodstained altar of Trog.
  8212 | D:9      | Found a hazy altar of Hepliaklqana.
  8578 | D:10     | Entered Level 10 of the Dungeon
  8676 | D:10     | Reached * piety under Okawaru
  8791 | D:10     | Identified the +4 chain mail "Fessaptu" {rC+}
  8830 | D:10     | Found a flagged portal.
  8840 | Bailey   | Entered a bailey
  8907 | Bailey   | Noticed an orc knight
  8976 | Bailey   | Killed an orc knight
  8976 | Bailey   | Reached ** piety under Okawaru
  9033 | Bailey   | Found a large runed translucent door.
  9033 | Bailey   | Found a large runed translucent door.
  9034 | Bailey   | Noticed a deep elf zephyrmancer
  9083 | Bailey   | Killed a deep elf zephyrmancer
  9084 | Bailey   | Reached skill level 10 in Fighting
  9084 | Bailey   | Reached XP level 11. HP: 65/90 MP: 9/11
  9272 | D:10     | Found a sacrificial altar of Ru.
  9567 | D:10     | Noticed a two-headed ogre
  9584 | D:10     | Killed a two-headed ogre
  9584 | D:10     | Reached *** piety under Okawaru
  9922 | Lair:1   | Entered Level 1 of the Lair of Beasts
  9933 | Lair:1   | Noticed a boulder beetle
  9951 | Lair:1   | Killed a boulder beetle
 10618 | Lair:2   | Noticed a six-headed hydra
 10634 | Lair:2   | Killed a five-headed hydra
 10634 | Lair:2   | Reached **** piety under Okawaru
 11060 | Lair:2   | Found a hole to the Spider Nest.
 11158 | Lair:2   | Found a frozen archway.
 11406 | Lair:2   | Reached ***** piety under Okawaru
 11407 | Lair:2   | Reached skill level 11 in Fighting
 11460 | Lair:2   | Noticed a five-headed hydra
 11472 | Lair:2   | Killed a three-headed hydra
 11472 | Lair:2   | Received a gift from Okawaru
 11473 | Lair:2   | Reached skill level 10 in Ranged Weapons
 11478 | Lair:2   | Reached skill level 1 in Invocations
 11478 | Lair:2   | Reached XP level 12. HP: 30/100 MP: 10/12
 12424 | Lair:3   | Identified the +4 ring mail "Qaxtaaj" {rF+ rC+} (Okawaru
                  | gifted it to you on level 3 of the Lair of Beasts)
 12424 | Lair:3   | Received a gift from Okawaru
 12552 | Lair:3   | Reached skill level 10 in Armour
 12640 | Lair:3   | Noticed a boulder beetle
 12680 | Lair:3   | Killed a boulder beetle
 12910 | Lair:3   | Noticed a six-headed hydra
 12920 | Lair:3   | Killed a three-headed hydra
 13029 | Lair:3   | Found a staircase to the Shoals.
 13247 | Lair:3   | Learned a level 2 spell: Wereblood
 13308 | Lair:4   | Reached skill level 1 in Transmutations
 13426 | Lair:4   | Noticed Sonja
 13437 | Lair:4   | Killed Sonja
 13438 | Lair:4   | Reached skill level 12 in Fighting
 13556 | Lair:4   | Found a staircase to the Slime Pits.
 14221 | Lair:5   | Entered Level 5 of the Lair of Beasts
 14268 | Lair:5   | Noticed a death yak
 14274 | Lair:5   | Noticed an eight-headed hydra
 14283 | Lair:4   | Killed a death yak
 14347 | Lair:4   | HP: 4/153 [cane toad (16)]
 14452 | Lair:4   | Gained mutation: You can hop long distances. [Barachi
                  | growth]
 14452 | Lair:4   | Reached XP level 13. HP: 89/108 MP: 15/15
 14557 | Lair:5   | Reached skill level 10 in Long Blades
 14594 | Lair:5   | Received a gift from Okawaru
 14799 | Lair:5   | Got the Grimoire of Contaminants
 15168 | Lair:5   | Identified the +1 pair of boots "Tisout Ugi" {rElec rF+
                  | Dex+3}
 15295 | Lair:5   | Found a runed translucent door.
 15297 | Lair:5   | Noticed nuka's ghost (journeyman MiFi)
 15456 | Lair:5   | Reached skill level 5 in Invocations
 15703 | Lair:5   | Noticed a dire elephant
 15723 | Lair:5   | Killed a dire elephant
 15843 | Lair:5   | Reached skill level 13 in Fighting
 15843 | Lair:5   | Reached skill level 5 in Transmutations
 15861 | Lair:5   | Found a burning altar of Makhleb.
 15979 | Lair:5   | Found a gateway to Hell.
 16468 | D:11     | Reached XP level 14. HP: 112/118 MP: 18/18
 16555 | D:11     | Found a staircase to the Orcish Mines.
 16604 | D:11     | Found a hide-covered altar of Uskayaw.
 16636 | D:11     | Received a gift from Okawaru
 17205 | Orc:1    | Entered Level 1 of the Orcish Mines
 17372 | Orc:2    | Entered Level 2 of the Orcish Mines
 17372 | Orc:2    | Found a staircase to the Elven Halls.
 17462 | Orc:1    | You fall into a shaft and drop 1 floor!
 17709 | Orc:1    | Paralysed by an orc sorcerer for 2 turns
 18471 | Orc:2    | Received a gift from Okawaru
 19218 | Orc:2    | Found Peinnu's Distillery.
 19219 | Orc:2    | Found Akujecsyng's Magic Scroll Shop.
 19219 | Orc:2    | Found Jirgheish's Antique Weapon Shoppe.
 19223 | Orc:2    | Found Efuogaf's Antique Armour Boutique.
 19349 | Orc:2    | Bought a scroll of fear for 64 gold pieces
 19398 | Orc:2    | Noticed Rupert
 19408 | Orc:2    | Killed Rupert
 19595 | Orc:2    | Bought a potion of curing for 45 gold pieces
 19595 | Orc:2    | Bought a potion of curing for 45 gold pieces
 19602 | Orc:2    | Bought a scroll of enchant weapon for 120 gold pieces
 19602 | Orc:2    | Bought 3 scrolls of enchant weapon for 360 gold pieces
 19604 | Orc:2    | Bought a scroll of blinking for 120 gold pieces
 19696 | D:11     | Learned a level 3 spell: Portal Projectile
 20232 | D:12     | Reached skill level 14 in Fighting
 20494 | D:13     | Reached skill level 1 in Hexes
 20514 | D:13     | Reached skill level 1 in Translocations
 21538 | D:13     | Reached XP level 15. HP: 126/126 MP: 18/20
 22040 | D:13     | Found a gate to the Vaults.
 22053 | D:13     | Received a gift from Okawaru
 22468 | D:14     | Identified the +4 ring mail "Noist" {Dex+6} (Okawaru gifted
                  | it to you on level 14 of the Dungeon)
 22468 | D:14     | Received a gift from Okawaru
 22511 | D:14     | Found Sebleuja's Magic Scroll Shop.
 22529 | D:14     | Bought a scroll of identify for 22 gold pieces
 22529 | D:14     | Bought a scroll of acquirement for 572 gold pieces
 22532 | D:14     | Acquired 727 gold pieces
 22542 | D:14     | Noticed Azrael
 22566 | D:14     | Killed Azrael
 22597 | D:14     | Found a blossoming altar of Fedhas.
 22965 | D:15     | Entered Level 15 of the Dungeon
 23225 | D:15     | Found Atsoana's Book Emporium.
 24022 | D:15     | Found a staircase to the Depths.
 24552 | Shoals:1 | Entered Level 1 of the Shoals
 24565 | Lair:3   | HP: 3/127 [poisoned by a sea snake]
 24832 | Shoals:1 | Reached skill level 15 in Fighting
 24832 | Shoals:1 | Reached skill level 5 in Translocations
 25168 | Shoals:1 | Reached skill level 5 in Hexes
 25347 | Shoals:1 | Noticed Donald
 25368 | Shoals:1 | Demolished by Donald

Illustrated notes

Levels and vault maps discovered:
D:1:      lightli_arrival_boilingwater, layout_basic, amethyst_killhole,
          nicolae_wormholes
D:2:      layout_basic, minmay_close_crescents, uniq_robin, uniq_terence
D:3:      layout_loops_ring, nicolae_gozag_zags_fifth_avenue,
          overflow_temple_1_default, hangedman_abyss_or_decor_stabs
D:4:      layout_basic, lemuel_tele_altar, elyvilon_altar_5
D:5:      layout_rooms, mainiacjoe_overflow_24_doors,
          ashenzari_conservatory_becter, grunt_decor_one_mirror,
          small_statue_intersection, uniq_pikel
D:6:      layout_gridville, grunt_temple_overflow_lords_of_destruction,
          grunt_temple_overflow_open, minmay_temple_entry_glass, uniq_grinder
D:7:      layout_basic, kennysheep_path_1, serial_bayou_ford_a,
          serial_bayou_pond_c, nicolae_zen_rock_garden, minmay_fractal_squares_5
D:8:      layout_layer_cave, mainiacjoe_overflow_large_starburst,
          erik_lair_island, minivault_5, minmay_misc_feat_tower
D:9:      layout_irregular_city, mainiacjoe_overflow_cross_hatched,
          mainiacjoe_overflow_alcove_1, minmay_misc_feat_tiny
D:10:     layout_roguey, nicolae_ru_awakened_eye, enter_bailey_8
D:11:     layout_roguey, kennysheep_orc_monster_closet_entryway, minivault_16,
          nicolae_uskayaw_en_pointe
D:12:     layout_irregular_city
D:13:     layout_stronghold, hangedman_vaults_entry_quadrant_bands,
          minmay_crystal_water
D:14:     layout_small_grid, fedhas_altar_2, serial_shops,
          nicolae_shop_behind_doors, grunt_decor_cap, uniq_azrael
D:15:     gammafunk_depths_entry_grave, layout_stronghold, serial_shops,
          shop_statue
Lair:1:   layout_misc_corridors, gammafunk_lair_bear_cave
Lair:2:   lemuel_slime, layout_gridlike, spider_nest_entry_web_field,
          portal_ice_cave_demonic_guard, grunt_megastairs_4
Lair:3:   layout_regular_city, minmay_shoals_entry_centaurs,
          infiniplex_staircase_pool_2
Lair:4:   layout_cave_pods, minmay_slime_entry_jelly_boxes, lookout_lair_type,
          st_stairs_5, grunt_megastairs_5, serial_bayou_shore_a, uniq_sonja
Lair:5:   evil_forest, layout_regular_city, ebering_ghost_inner_flame
Shoals:1: argonaut_golden_fleece, layout_shoals, nicolae_shoals_loop_pool,
          uniq_donald, uniq_frances
Orc:1:    layout_caves, nooodl_orcs_dogs
Orc:2:    st_orc_rangers, layout_caves, uniq_rupert

Skill      XL: |  1  2  3  4  5  6  7  8  9 10 11 12 13 14 15 |
---------------+----------------------------------------------+-----
Fighting       | 3 4 5 6 7 8 10 11 12 13 14 15 | 15.0
Dodging        | 3 4 5 |  5.1
Ranged Weapons | 5 6 7 8 9 10 11 12 13 | 13.2
Long Blades    | 1 2 3 4 6 8 9 11 12 13 | 13.2
Armour         | 2 4 6 8 9 10 12 | 12.7
Evocations     | 2 3 5 7 8 |  8.6
Invocations    | 1 3 5 7 8 |  8.2
Transmutations | 2 5 7 |  7.0
Hexes          | 2 5 |  5.0
Translocations | 2 5 |  5.1
Stealth        | |  0.8

Action                     |  1- 3 |  4- 6 |  7- 9 | 10-12 | 13-15 || total
---------------------------+-------+-------+-------+-------+-------++-------
  Melee: Great sword       |       |       |    23 |   355 |   866 ||  1244
         Shortbow          |       |       |     2 |       |       ||     2
         Scimitar          |       |       |       |    15 |    55 ||    70
         Punch             |       |       |       |     1 |     3 ||     4
   Fire: Shortbow          |   109 |   171 |   289 |   350 |    80 ||   999
         Arbalest          |       |       |       |       |   369 ||   369
   Cast: Wereblood         |       |       |       |       |    11 ||    11
         Portal Projectile |       |       |       |       |     1 ||     1
 Invoke: Heroism           |       |       |       |     6 |    12 ||    18
         Finesse           |       |       |       |       |    10 ||    10
Ability: Hop               |     1 |     4 |     3 |     6 |    10 ||    24
  Evoke: Wand              |       |       |    10 |    15 |    25 ||    50
    Use: Scroll            |       |     5 |     3 |    16 |    11 ||    35
         Potion            |       |     2 |       |    12 |    10 ||    24
   Stab: Invisible         |       |       |       |       |    15 ||    15
         Sleeping          |       |       |       |       |     2 ||     2
         Distracted        |       |       |       |       |     1 ||     1
 Armour: Leather armour    |    19 |    27 |    45 |    88 |       ||   179
         Skin              |       |       |       |    12 |       ||    12
         Ring mail         |       |       |       |    83 |   659 ||   742
  Dodge: Dodged            |    43 |    43 |    92 |   346 |   868 ||  1392
  Block: Other             |       |    13 |    28 |    66 |   197 ||   304
         Reflection        |       |       |       |     4 |    50 ||    54
